Map: Bridgehead LE (Void)

Players

wabbajack - Winner!

  • Race: Zerg Zerg
  • League: Gold

apudapus

  • Race: Protoss Protoss
  • League: Silver

VOD

Have the link to the VOD?

Description

Time

  • Played on: July 22, 2015, 1:41 a.m.
  • Length: 20:57
Show
View Real Time Build Order
Export as new Build Order

wabbajack Zerg - Winner!

Build Orders: Hatch First, Lurkers 

Get SALT Encoding   

  12  0:03  Drone  
  13  0:13  Overlord  
  13  0:20  Drone  
  14  0:23  Extractor  
  14  0:24  Drone  
  15  0:31  Drone  
  16  0:37  Drone  
  17  0:55  Hatchery  
  16  0:58  Drone  
  16  1:00  Drone  
  16  1:04  Extractor  
  17  1:08  Drone  
  18  1:27  Spawning Pool  
  17  1:34  Drone x2  
  19  1:40  Drone  
  20  1:52  Overlord  
  20  2:04  Drone  
  21  2:09  Drone  
  21  2:13  Queen  
  24  2:15  Metabolic Boost  
  24  2:16  Queen  
  26  2:26  Drone x2, Extractor  
  26  2:27  Drone  
  28  2:36  Baneling Nest  
  27  2:39  Zergling x2  
  27  2:40  Zergling x2  
  27  2:42  Zergling x2  
  30  2:45  Zergling x2  
  32  3:05  Drone  
  32  3:06  Drone x3  
  32  3:12  Pneumatized Carapace  
  35  3:15  Overlord  
  35  3:17  Overlord  
  35  3:26  Zergling x2  
  36  3:36  Zergling x4  
  36  3:37  Zergling x6  
  36  3:39  Zergling x4  
  42  4:14  Spore Crawler  
  42  4:15  Spore Crawler  
  37  4:20  Baneling  
  37  4:21  Baneling  
  37  4:22  Baneling x2  
  37  4:41  Baneling x2  
  31  5:24  Queen  
  31  5:26  Lair  
  33  5:28  Hatchery  
  33  5:30  Hatchery, Roach Warren  
  33  5:31  Evolution Chamber  
  33  5:33  Evolution Chamber, Drone x2  
  33  5:35  Drone x15  
  45  5:43  Extractor  
  45  5:49  Spore Crawler  
  43  5:59  Spine Crawler  
  42  6:28  Extractor  
  42  6:32  Zergling x4  
  43  6:34  Zergling x2  
  44  6:40  Zergling x2  
  44  6:41  Zergling x2  
  44  6:43  Zergling x2  
  44  6:44  Zergling x8  
  51  6:53  Zerg Melee Weapons Level 1  
  51  6:54  Zerg Ground Armor Level 1  
  51  6:55  Glial Reconstitution  
  51  7:00  Evolution Chamber  
  51  7:01  Drone x5  
  53  7:03  Drone x2, Hydralisk Den  
  53  7:05  Drone x3  
  59  7:09  Queen  
  59  7:12  Overlord  
  59  7:13  Overlord  
  60  7:30  Overlord x2  
  60  7:31  Overlord  
  61  7:37  Zergling x18  
  68  8:17  Lurker Den  
  68  8:27  Baneling x2  
  68  8:28  Baneling x4  
  68  8:30  Zerg Missile Weapons Level 1  
  68  8:34  Roach  
  68  8:35  Roach x6  
  68  8:36  Overlord x3  
  68  8:37  Zergling x2  
  68  8:38  Zergling x16  
  87  9:07  Overlord  
  87  9:08  Overlord  
  87  9:10  Zerg Ground Armor Level 2  
  87  9:11  Zerg Melee Weapons Level 2  
  87  9:12  Overlord  
  62  10:19  Zergling x6  
  62  10:20  Zergling x4  
  62  10:30  Hydralisk  
  62  10:34  Hydralisk  
  56  10:38  Hatchery  
  55  10:51  Spire, Muscular Augments  
  55  10:52  Hydralisk x7  
  68  10:58  Hatchery  
  68  11:00  Hatchery  
  66  11:08  Infestation Pit  
  60  12:15  Lurker x5  
  65  12:16  Lurker x2  
  65  12:20  Drone x4  
  65  12:21  Drone x7  
  78  12:25  Drone  
  78  12:26  Drone x4  
  78  12:27  Drone x7  
  78  12:28  Drone x6  
  96  12:32  Extractor  
  96  12:33  Queen  
  96  12:34  Queen  
  96  12:36  Extractor  
  98  12:41  Extractor  
  97  12:48  Drone x2  
  99  12:51  Extractor  
  99  12:52  Drone x3  
  99  12:54  Drone x3  
  99  12:55  Drone  
  99  12:57  Drone  
  106  12:58  Drone  
  107  13:11  Roach x2  
  111  13:33  Spore Crawler  
  110  13:34  Spine Crawler  
  110  13:36  Spine Crawler  
  110  13:39  Drone x3, Spine Crawler  
  110  13:40  Overlord x4  
  110  13:41  Overlord x2  
  110  14:09  Hydralisk x6, Roach x2  
  122  14:10  Hydralisk x2, Roach x6  
  122  14:11  Roach x2  
  122  14:13  Extractor  
  122  14:14  Extractor  
  144  15:35  Drone x4  
  147  15:39  Spore Crawler  
  147  15:40  Overlord x4, Spine Crawler x2  
  147  15:41  Overlord x6  
  145  15:45  Zerg Missile Weapons Level 2  
  145  15:47  Hive  
  132  16:49  Zergling x4  
  132  16:50  Zergling x14  
  132  16:51  Zergling x6  
  132  16:53  Centrifical Hooks  
  138  16:59  Zerg Ground Armor Level 3, Zerg Melee Weapons Level 3  
  138  17:02  Adrenal Glands, Hydralisk  
  138  17:03  Hydralisk x2  
  138  17:04  Hydralisk  
  138  17:05  Hydralisk x2  
  138  17:06  Ultralisk Cavern  
  137  17:09  Mutalisk x14  
  137  17:10  Mutalisk x12  
  186  17:16  Baneling x2  
  186  17:17  Baneling x14  
  186  17:20  Lurker x10  
  196  17:24  Hydralisk x2  
  194  17:32  Hydralisk x3  
  196  17:51  Queen  
  102  18:36  Viper x2  
  102  18:37  Viper x3  
  109  18:41  Corruptor, Greater Spire  
  109  18:42  Corruptor x7  
  109  18:43  Corruptor x2  
  109  18:45  Zergling x2  
  109  18:46  Zergling x44  
  149  19:01  Hatchery  
  148  19:30  Overlord x3  
  148  19:31  Overlord  
  148  19:58  Extractor  
  148  19:59  Extractor  
Show
View Real Time Build Order
Export as new Build Order

apudapus Protoss 

Build Orders: 1 Gate Expand 

Get SALT Encoding   

  12  0:02  Probe  
  13  0:14  Probe  
  14  0:29  Pylon  
  14  0:48  Probe  
  15  0:59  Gateway  
  15  1:10  Probe (Chrono Boost)  
  16  1:13  Nexus  
  16  1:22  Probe (Chrono Boost)  
  17  1:30  Probe (Chrono Boost)  
  18  1:42  Probe (Chrono Boost)  
  19  1:52  Probe (Chrono Boost)  
  19  1:53  Cybernetics Core  
  20  1:55  Zealot  
  22  2:07  Pylon  
  22  2:17  Assimilator  
  22  2:20  Assimilator  
  22  2:25  Probe x2 (Chrono Boost)  
  24  2:35  Probe x2 (Chrono Boost)  
  26  2:39  Assimilator  
  26  2:42  Probe (Chrono Boost)  
  28  2:46  Assimilator  
  28  2:47  Probe (Chrono Boost)  
  28  2:56  Zealot  
  30  3:05  Pylon  
  30  3:11  Gateway  
  30  3:17  Stargate  
  30  3:22  Pylon  
  30  3:23  Probe (Chrono Boost)  
  30  3:24  Probe (Chrono Boost)  
  32  3:33  Probe (Chrono Boost)  
  34  3:34  Probe (Chrono Boost)  
  34  3:41  Probe x2 (Chrono Boost)  
  36  3:44  Gateway  
  35  3:50  Pylon  
  35  3:51  Warp Gate  
  35  3:52  Stalker  
  39  4:03  Mothership Core  
  39  4:10  Oracle  
  40  4:21  Zealot  
  40  4:22  Zealot  
  44  4:32  Gateway  
  44  4:36  Probe (Chrono Boost)  
  46  4:46  Probe (Chrono Boost), Pylon  
  46  4:51  Stalker  
  48  4:53  Stalker  
  50  5:08  Probe x2  
  40  5:17  Phoenix  
  40  5:20  Probe  
  40  5:21  Probe  
  44  5:33  Probe (Chrono Boost)  
  46  5:43  Probe (Chrono Boost)  
  46  5:45  Probe (Chrono Boost)  
  47  5:53  Probe (Chrono Boost)  
  48  6:09  Probe (Chrono Boost)  
  48  6:10  Probe (Chrono Boost)  
  50  6:14  Phoenix  
  54  6:19  Probe x2 (Chrono Boost)  
  54  6:26  Probe (Chrono Boost), Robotics Facility  
  54  6:27  Probe (Chrono Boost)  
  56  6:38  Probe (Chrono Boost)  
  56  6:39  Probe (Chrono Boost)  
  58  6:41  Phoenix  
  58  6:46  Probe (Chrono Boost)  
  61  6:47  Probe (Chrono Boost)  
  62  6:55  Probe  
  62  6:56  Stalker x2  
  62  6:57  Stalker x2  
  62  6:59  Probe  
  72  7:08  Probe  
  73  7:11  Probe  
  74  7:17  Pylon  
  74  7:18  Pylon  
  74  7:20  Pylon  
  74  7:35  Immortal  
  78  7:53  Stalker x2  
  78  7:54  Stalker x2  
  78  7:56  Void Ray  
  89  8:13  Probe x2  
  89  8:14  Pylon  
  89  8:15  Pylon  
  91  8:25  Probe x2  
  89  8:34  Nexus  
  89  8:35  Zealot x4  
  89  8:37  Probe  
  97  9:00  Immortal, Void Ray  
  105  9:07  Zealot  
  105  9:08  Zealot x2  
  111  9:10  Sentry  
  97  9:30  Zealot x3  
  63  10:18  Zealot x3  
  63  10:19  Zealot  
  71  10:27  Probe (Chrono Boost)  
  72  10:28  Probe (Chrono Boost)  
  72  10:29  Probe (Chrono Boost)  
  70  10:38  Probe (Chrono Boost)  
  70  10:39  Probe x2 (Chrono Boost)  
  73  10:46  Twilight Council  
  73  10:49  Gateway  
  73  10:51  Gateway  
  73  11:02  Immortal  
  77  11:04  Stalker  
  77  11:08  Probe (Chrono Boost)  
  77  11:10  Probe (Chrono Boost)  
  82  11:15  Probe (Chrono Boost)  
  83  11:19  Probe (Chrono Boost)  
  83  11:31  Probe (Chrono Boost)  
  83  11:32  Probe x2 (Chrono Boost)  
  86  11:36  Zealot x2  
  86  11:37  Zealot x2  
  93  11:41  Probe x3 (Chrono Boost)  
  91  11:48  Probe x3  
  89  11:58  Phoenix  
  89  11:59  Stalker  
  89  12:00  Stalker, Zealot  
  89  12:01  Zealot  
  97  12:08  Probe x2 (Chrono Boost)  
  100  12:09  Probe (Chrono Boost)  
  100  12:13  Assimilator  
  100  12:18  Probe x2 (Chrono Boost)  
  102  12:29  Void Ray  
  102  12:35  Templar Archives  
  107  12:37  Probe (Chrono Boost), Pylon  
  107  12:42  Probe x2 (Chrono Boost), Charge (Chrono Boost)  
  109  12:45  Stalker, Zealot  
  109  12:51  Probe (Chrono Boost)  
  114  12:53  Pylon  
  114  12:55  Probe x2  
  116  13:01  Assimilator  
  116  13:03  Pylon  
  116  13:06  Pylon  
  116  13:16  Nexus  
  116  13:18  Sentry x2  
  116  13:19  Sentry  
  122  13:20  Sentry x2  
  122  13:23  Stalker  
  128  13:45  Forge  
  128  13:57  Nexus  
  128  13:59  Probe  
  128  14:00  Probe x2  
  128  14:05  Robotics Bay, High Templar  
  128  14:06  High Templar  
  128  14:07  Robotics Facility  
  132  14:18  Probe x3  
  132  14:21  Pylon  
  132  14:22  Pylon  
  135  14:26  Psionic Storm  
  135  14:27  Blink (Chrono Boost)  
  135  14:36  High Templar  
  141  14:45  Probe (Chrono Boost)  
  141  14:46  Probe (Chrono Boost)  
  141  14:47  Probe (Chrono Boost)  
  141  14:48  Probe (Chrono Boost)  
  141  14:57  Probe x2 (Chrono Boost)  
  141  14:58  Probe (Chrono Boost)  
  145  15:00  Probe (Chrono Boost)  
  145  15:09  Probe  
  144  15:23  Probe  
  144  15:24  Probe x4  
  147  15:28  Zealot x2  
  147  15:29  Zealot x2  
  147  15:30  Stalker x2  
  147  15:32  Observer (Chrono Boost)  
  147  15:34  Observer (Chrono Boost)  
  156  15:37  Observer Gravitic Boosters (Chrono Boost)  
  156  15:39  Pylon  
  156  15:41  Pylon  
  151  15:42  Void Ray  
  151  15:43  Robotics Facility  
  151  15:46  Robotics Facility  
  151  15:47  Observer (Chrono Boost)  
  147  16:10  Probe x4  
  147  16:12  Colossus (Chrono Boost)  
  156  16:20  Colossus (Chrono Boost)  
  156  16:22  Probe  
  156  16:27  Stalker x3  
  156  16:28  Zealot  
  156  16:29  Zealot  
  162  16:55  Nexus  
  162  16:57  Void Ray  
  166  17:08  Nexus  
  166  17:11  Gateway  
  166  17:12  Gateway  
  166  17:16  Pylon  
  166  17:17  Pylon  
  166  17:21  Pylon  
  166  17:27  Protoss Ground Weapons Level 1 (Chrono Boost)  
  166  17:31  Forge  
  166  17:33  Colossus  
  166  17:36  Photon Cannon  
  172  17:37  High Templar x2  
  176  17:46  Nexus  
  174  17:56  Archon  
  144  17:59  Stalker x3  
  94  18:15  High Templar x2  
  98  18:27  Immortal  
  101  18:32  Archon  
  97  18:42  Colossus  
  97  18:44  Stalker  
  97  18:45  Stalker x2  
  109  18:56  Probe (Chrono Boost)  
  111  19:03  Probe (Chrono Boost)  
  111  19:07  Probe (Chrono Boost)  
  113  19:11  Probe (Chrono Boost)  
  113  19:14  High Templar x2, Assimilator  
  117  19:20  Archon  
  117  19:22  Probe x2 (Chrono Boost)  
  120  19:31  Probe (Chrono Boost)  
  120  19:43  Assimilator  
  120  19:45  Warp Prism  
  120  19:52  Dark Shrine  
  122  19:56  Observer  
  123  20:03  Zealot x2  
  121  20:07  Zealot  
  121  20:10  Zealot  
  105  20:21  High Templar x2  
  96  20:26  Archon  
  79  20:42  High Templar  
  67  20:43  High Templar  
  67  20:46  Archon  
Tags
 
Add a new tag
Caveats
  • Supply blocks, unpowered buildings, or Contaminate may cause inaccurate times.
  • Supply counts are checked every 10 seconds.